 Dungeon Crawl Stone Soup version 0.15-a0-2388-g9f833ab (webtiles) character file.

126 PolkaDot the Insei (level 5, 0/27 HPs)
             Began as a Vine Stalker Monk on Aug 2, 2014.
             Succumbed to poison (a potion of poison)
             ... on Level 3 of the Dungeon.
             The game lasted 00:02:39 (1377 turns).

PolkaDot the Insei (Vine Stalker Monk)              Turns: 1377, Time: 00:02:39

HP   0/27        AC  3     Str 18      XL: 5   Next:  9%
MP   3/7         EV 13     Int 10      God:
Gold 159         SH  0     Dex 18      Spells:  0 memorised,  4 levels left

rFire  . . .     SeeInvis .       - Unarmed
rCold  . . .     Clarity  .     a - +0 robe
rNeg   . . .     rCorr    .     (no shield)
rPois  .         rRot     +     d - +0 helmet (curse)
rElec  .         Spirit   +     (no cloak)
SustAb .         Warding  .     (no gloves)
rMut   .         Stasis   .     (no boots)
Gourm  .                        (no amulet)
MR     .....                    (no ring)
                                (no ring)

@: mighty, lethally poisoned, very slightly contaminated, not resistant to
hostile enchantments, unstealthy
A: fangs 2, regeneration 1, magic shield, antimagic bite, no device heal 3, rot
immunity
a: no special abilities


You were on level 3 of the Dungeon.
You were not hungry.

You visited 1 branch of the dungeon, and saw 3 of its levels.

You collected 159 gold pieces.

Inventory:

Armour
 a - a +0 robe (worn)
 d - a cursed +0 helmet (worn)
Comestibles
 b - 3 bread rations
 n - a chunk of hobgoblin flesh {@w1}
 p - a royal jelly
Scrolls
 c - a scroll of fear
 e - a scroll of identify
 g - a scroll of magic mapping {unknown}
 j - a scroll of enchant weapon {unknown}
 k - a scroll of immolation {unknown}
 m - a scroll of teleportation {unknown}
 o - a scroll of amnesia {unknown}


   Skills:
 - Level 2.6 Fighting
 - Level 2.4 Dodging
 - Level 2.4 Stealth
 + Level 6.2 Unarmed Combat


You had 4 spell levels left.
You didn't know any spells.

Dungeon Overview and Level Annotations

Branches:
Dungeon (3/15)

Altars:
Sif Muna
Trog


Innate Abilities, Weirdness & Mutations

You have extremely sharp teeth.
Your natural rate of healing is unusually fast.
When hurt, damage is shared between your health and your magic reserves.
Your bite disrupts and absorbs the magic of your enemies.
Potions and wands cannot restore your health.
You are immune to rotting.


Message History

You destroy Crauler's ghost!
Your Unarmed Combat skill increases to level 6!
You have reached level 5!
* * * LOW HITPOINT WARNING * * *
You feel sick.
There is a lethal amount of poison in your body!
Read which item? (? for menu, Esc to quit)
As you read the scroll labeled MNI KODOESUAHO, it crumbles to dust.
It is a scroll of identify.
Identify which item? (\ to view known items) (? for menu, Esc to quit)
c - a scroll of fear
* * * LOW HITPOINT WARNING * * *
You feel sick.
Read which item? (? for menu, Esc to quit)
Blink to where?
Press: ? - help, Dir - move target cursor
As you read the scroll labeled STRAEXI RAAMP, it crumbles to dust.
You are very lightly contaminated with residual magic.
It was a scroll of blinking.
You die...

#####
##########...#
#..........#+#####
#....ยง.........#
#@#####........#
#.# #..........#
#.# #.##...#####
#.###.##...##.#
...........##.####
#.###.##..........
#)..........#..###
... #.#...........
..................


There were no monsters in sight!

Vanquished Creatures
  The ghost of Crauler the Cutter, an average VSCK of Xom (D:3)
  3 adders (D:2)
  A giant mite (D:2)
  4 bats (D:1)
  3 goblins (D:1)
  5 hobgoblins
  5 kobolds
  A giant cockroach (D:1)
  5 rats
28 creatures vanquished.

Notes
Turn   | Place    | Note
--------------------------------------------------------------
     0 | D:1      | PolkaDot, the Vine Stalker Monk, began the quest for the Orb.
     0 | D:1      | Reached XP level 1. HP: 11/11 MP: 1/1
   187 | D:1      | Reached XP level 2. HP: 14/16 MP: 3/3
   715 | D:2      | Reached skill level 5 in Unarmed Combat
   715 | D:2      | Reached XP level 3. HP: 19/19 MP: 4/4
   722 | D:2      | Found a deep blue altar of Sif Muna.
  1059 | D:2      | Found a bloodstained altar of Trog.
  1323 | D:3      | Reached XP level 4. HP: 21/23 MP: 5/5
  1364 | D:3      | Noticed Crauler's ghost (average VSCK)
  1375 | D:3      | Killed Crauler's ghost
  1375 | D:3      | Reached skill level 6 in Unarmed Combat
  1375 | D:3      | Reached XP level 5. HP: 2/27 MP: 2/7
  1376 | D:3      | HP: 1/27 [poison (a potion of poison)]
  1377 | D:3      | Succumbed to poison (a potion of poison)

Action                   |  1- 3 |  4- 6 || total
-------------------------+-------+-------++-------
Melee: Unarmed           |    72 |    10 ||    82
  Use: Potion            |       |     3 ||     3
       Scroll            |       |     2 ||     2
 Stab: Sleeping          |     1 |       ||     1
  Eat: Chunk             |       |     1 ||     1
